 Dungeon Crawl Stone Soup version 0.31-a0-986-g5e6e4ef867 (webtiles) character file.

Game seed: 12322384654448201841

28 voltaire321 the Caller (level 3, -4/25 HPs)
             Began as a Demonspawn Summoner on Nov 13, 2023.
             Slain by an orc
             ... wielding a +0 mace
              (6 damage)
             ... on level 2 of the Dungeon.
             The game lasted 00:03:16 (1062 turns).

voltaire321 the Caller (Demonspawn Summoner)        Turns: 1062, Time: 00:03:16

Health: -4/25      AC:  2    Str: 10    XL:     3   Next: 0%
Magic:  3/6        EV: 12    Int: 16    God:
Gold:   87         SH:  4    Dex: 13    Spells: 3/6 levels left

rFire   . . .        d - +0 short sword
rCold   . . .        (no shield)
rNeg    . . .        a - +0 robe
rPois   .            (no helmet)
rElec   .            (no cloak)
rCorr   .            (no gloves)
SInv    .            (no boots)
Will    .....        (no amulet)
Stlth   ++           (no ring)
HPRegen 0.24/turn    (no ring)
MPRegen 0.10/turn

%: no passive effects
@: no status effects
A: large bone plates 1
a: no special abilities


You were on level 2 of the Dungeon.
You visited 1 branch of the dungeon, and saw 2 of its levels.

You collected 87 gold pieces.

Inventory:

Hand Weapons
 d - a +0 short sword (weapon)
Armour
 a - a +0 robe (worn)
Jewellery
 l - an amulet of reflection
Scrolls
 c - a scroll of identify {unknown}
 e - a scroll of teleportation {unknown}
 f - 2 scrolls of noise {unknown}
 g - a scroll of enchant weapon {unknown}
 h - a scroll of brand weapon {unknown}
 i - a scroll of enchant armour {unknown}
 k - a scroll of fog {unknown}
Potions
 b - a potion of magic
 j - a potion of curing {unknown}
 m - a potion of might {unknown}


   Skills:
 + Level 0.7 Fighting
 + Level 0.5 Armour
 + Level 2.1 Dodging
 + Level 2.1 Stealth
 + Level 2.2 Spellcasting
 + Level 4.1 Summonings


You had 3 spell levels left.
You knew the following spells:

 Your Spells              Type           Power      Damage    Failure   Level
a - Call Imp              Summ           30%        N/A       5%          2
b - Summon Small Mammal   Summ           60%        N/A       3%          1

Your spell library contained the following spells:

 Spells                   Type           Power      Damage    Failure   Level
 Call Canine Familiar     Summ           15%        N/A       11%         3
 Summon Guardian Golem    Hex/Summ       8%         N/A       26%         3
 Lesser Beckoning         Tloc           2%         N/A       30%         2
 Gell's Gravitas          Tloc           1%         N/A       52%         3
 Teleport Other           Tloc           1%         N/A       52%         3
 Summon Lightning Spire   Summ/Air       8%         N/A       65%         4


Dungeon Overview and Level Annotations

Branches:
Dungeon (2/15)

Altars:

Shops:
D:1 ?


Innate Abilities, Weirdness & Mutations

You are partially covered in large bone plates. (SH +4)


Message History

Your rat dies!
Your rat's corpse disappears in a puff of smoke!
Your quokka bites the orc but does no damage.
You barely miss the orc. The orc hits you with a +0 whip.
Your quokka bites the orc.
The orc dies!
The orc hits you with a +0 short sword.
You hit the orc but do no damage. You block the orc's attack.
Your quokka barely misses the orc.
The orc completely misses you.
You barely miss the orc. Your punch misses the orc. The orc barely misses you.
Your quokka closely misses the orc.
The orc hits you with a +0 short sword.
You hit the orc.
The orc is moderately wounded.
The orc hits you but does no damage.
Your quokka barely misses the orc.
The orc hits you with a +0 short sword.
You hit the orc but do no damage.
The orc is moderately wounded.
Your quokka bites the orc.
The orc hits you with a +0 mace.
* * * LOW HITPOINT WARNING * * *
Your quokka bites the orc.
The orc dies!
You have reached level 3!
Your experience leads to an increase in your attributes!
Increase (S)trength, (I)ntelligence, or (D)exterity?
You feel stronger. x2
You swap places.
The orc hits your quokka with a +0 mace.
Your quokka barely misses the orc.
Casting: Summon Small Mammal (safe; 3% risk of failure)
Press: ? - help, Q - select action, (/) - cycle Dir - look around, f - activate The orc hits your quokka with a +0 mace.
Your quokka dies!
Your quokka's corpse disappears in a puff of smoke!
You hit the orc but do no damage. The orc hits you with a +0 mace!
* * * LOW HITPOINT WARNING * * *
Your quokka bites the orc.
You hit the orc.
The orc is almost dead.
The orc hits you with a +0 mace.
You die...

#.### #.# #.# #.#
#.# ######### #.#
##.......########.#
#...)or..'........#
#...).@..##########
#.######## #.# #o#
#.# #.# #o#


oo. ....# You could see an orc (ally target) and a friendly quokka (summoned).

Vanquished Creatures
  3 ball pythons (D:1)
  2 endoplasms
  2 giant cockroaches
  A kobold (D:2)
  A quokka (D:1)
  3 bats (D:1)
  A frilled lizard (D:1)
  A goblin (D:2)
  4 rats
18 creatures vanquished.

Vanquished Creatures (collateral kills)
  3 orcs (D:2)
  A hobgoblin (D:2)
  A kobold (D:1)
5 creatures vanquished.

Grand Total: 23 creatures vanquished

Notes
Turn   | Place    | Note
-------+----------+-------------------------------------------
     0 | D:1      | voltaire321 the Demonspawn Summoner began the quest for the
                  | Orb.
     0 | D:1      | Reached XP level 1. HP: 13/13 MP: 3/3
   113 | D:1      | Found a transporter.
   117 | D:1      | Found Xavoq's Magic Scroll Shoppe.
   134 | D:1      | Found a transporter.
   177 | D:1      | Gained mutation: You are partially covered in large bone
                  | plates. (SH +4) [demonic ancestry]
   177 | D:1      | Reached XP level 2. HP: 5/19 MP: 3/5
   506 | D:1      | Learned a level 2 spell: Call Imp
  1058 | D:2      | Reached XP level 3. HP: 8/25 MP: 4/6
  1062 | D:2      | Slain by an orc

Illustrated notes

Levels and vault maps discovered:
D:1:      dpeg_arrival_yet_another_circle, layout_rooms, serial_shops,
          nicolae_shop_drivethru
D:2:      minmay_chambers_of_ones, layout_basic, serial_shops, shop,
          uniq_jessica

Skill      XL: |  1  2 |
---------------+-------+-----
Stealth        | 2 |  2.1
Dodging        | 2 |  2.1
Fighting       | |  0.7
Armour         | |  0.5
Spellcasting   | |  2.2
Summonings     | |  4.1

Action                     || total
---------------------------++-------
  Melee: Short sword       ||    76
   Cast: Summon Small Mamm ||     9
   Stab: Sleeping          ||     3
 Armour: Robe              ||    35
  Dodge: Dodged            ||    47
  Block: Other             ||    15

Table legend: (Time is in decaauts)
 A = Elapsed time spent in this place.
 B = Non-inter-level travel time spent in this place.
 C = Inter-level travel time spent in this place.
 D = Time resting spent in this place.
 E = Time spent auto-exploring this place.
 F = Levels seen in this place.
 G = Mean time per level.
                   A        B        C        D        E       F      G
               +--------+--------+--------+--------+--------+-----+--------+
         Total |   1061 |   1061 |      0 |    102 |    643 |   2 |  530.5 |
       Dungeon |   1061 |   1061 |      0 |    102 |    643 |   2 |  530.5 |
               +--------+--------+--------+--------+--------+-----+--------+

Top non-repeatable levels by time:
     D:1: 641 daAuts
     D:2: 419 daAuts
